 Dungeon Crawl Stone Soup version 0.29-a0-330-g52719c12eb (webtiles) character file.

Game seed: 9227290551730271768

55 kae the Firebug (level 3, 0/26 HPs)
             Began as a Demigod Fire Elementalist on May 1, 2022.
             Killed from afar by an orc wizard (3 damage)
             ... with a magic dart
             ... on level 3 of the Dungeon.
             The game lasted 00:01:09 (2199 turns).

kae the Firebug (Demigod Fire Elementalist)         Turns: 2199, Time: 00:01:10

Health: 0/26       AC:  4    Str:  9    XL:     3   Next: 45%
Magic:  1/9        EV: 12    Int: 21    God:
Gold:   95         SH:  0    Dex: 14    Spells: 5/6 levels left

rFire   . . .      SeeInvis .   l - +0 short sword (flame)
rCold   . . .      Faith    .   (no shield)
rNeg    . . .      Spirit   .   a - +0 robe
rPois   .          Reflect  .   d - +1 helmet
rElec   .          Harm     .   (no cloak)
rCorr   .          Rampage  .   (no gloves)
Will    .....                   (no boots)
Stlth   ++........              (no amulet)
HPRegen 0.08/turn               (no ring)
MPRegen 0.11/turn               (no ring)

@: invisible (expiring)
A: high MP 1, forlorn, divine attributes
a: no special abilities


You were on level 3 of the Dungeon.
You visited 1 branch of the dungeon, and saw 3 of its levels.

You collected 95 gold pieces.

Inventory:

Hand Weapons
 l - a +0 short sword of flaming (weapon)
Armour
 a - a +0 robe (worn)
 d - a +1 helmet (worn)
Scrolls
 f - a scroll of blinking {unknown}
 h - a scroll of amnesia {unknown}
 j - a scroll of identify
 k - a scroll of teleportation
Potions
 b - a potion of magic
 c - 2 potions of resistance
 g - a potion of attraction {unknown}
 i - a potion of berserk rage {unknown}


   Skills:
 - Level 1.7 Dodging
 - Level 1.7 Stealth
 + Level 2.4 Spellcasting
 + Level 2.0 Conjurations
 + Level 3.2 Fire Magic


You had 5 spell levels left.
You knew the following spells:

 Your Spells              Type           Power      Damage    Failure   Level
a - Foxfire               Conj/Fire      52%        2x1d6     4%          1

Your spell library contained the following spells:

 Spells                   Type           Power      Damage    Failure   Level
 Scorch                   Fire           32%        2d6       5%          2
 Shock                    Conj/Air       24%        1d4       10%         1
 Conjure Flame            Conj/Fire      13%        6-21      14%         3
 Sublimation of Blood     Necr           2%         N/A       22%         2
 Wereblood                Tmut           2%         N/A       22%         2
 Inner Flame              Hex/Fire       9%         N/A       22%         3
 Ozocubu's Armour         Ice            2%         N/A       38%         3
 Swiftness                Air            2%         N/A       38%         3
 Flame Wave               Conj/Fire      13%        2d6       43%         4
 Airstrike                Air            1%         N/A       80%         4
 Metabolic Englaciation   Hex/Ice        1%         N/A       98%         5
 Simulacrum               Ice/Necr       1%         N/A       100%        6
 Summon Hydra             Summ           1%         N/A       100%        7


Dungeon Overview and Level Annotations

Branches:
Dungeon (2/15)


Innate Abilities, Weirdness & Mutations

You have an increased reservoir of magic. (+10% MP)
You shall have no god before yourself.
Your divine heritage dramatically boosts your attributes as you level up.


Message History

Something hits you.
Your Conjurations skill increases to level 2!
Okay, then.
You are too confused!
Sorry, you're not good enough to have a special ability.
It was a potion of invisibility.
You fade into invisibility!
Something hits you but does no damage. Something barely misses you.
You bump into the rock wall.
You hear some strange, mumbled words.
You are more confused.
Something hits you but does no damage.
You bump into the rock wall.
You bump into the rock wall.
You hear some strange, mumbled words.
A puff of flame appears from out of thin air!
A magic dart appears from out of thin air!
You hear a shout!
You feel less confused.
Casting: Foxfire (safe; 4% risk of failure)
Confirm with . or Enter, or press ? or * to list all spells.
You conjure some foxfire!
Something hits you.
You flicker for a moment.
The foxfire hits something but does no damage. x2
Something hits you.
Casting: Foxfire (safe; 4% risk of failure)
Confirm with . or Enter, or press ? or * to list all spells.
You conjure some foxfire!
Something hits you.
* * * LOW HITPOINT WARNING * * *
Something hits you.
* * * LOW HITPOINT WARNING * * *
The foxfire hits something. x2; Something hits you but does no damage. x2
Casting: Foxfire (safe; 4% risk of failure)
Confirm with . or Enter, or press ? or * to list all spells.
You conjure some foxfire!
Something hits you but does no damage. x2
The foxfire hits something but does no damage. x2
You hear some strange, mumbled words.
A magic dart appears from out of thin air!
The magic dart hits you.
You die...

#..... # ......#
....+ .§§....
....# .§.....##
#....#
.§......####....#
......#.#.......#
#####
#.........##
#####÷§§.......
#......@..#...
#.......{.# ..
#..(......# .
#.......#.#
#.....#.#.#
#.....#.#.#
#.....#.).#
#.....##..#
#.....##..#


There were no monsters in sight!

Vanquished Creatures
  An adder (D:2)
  2 dart slugs
  2 orcs (D:3)
  2 ball pythons
  2 endoplasms
  2 giant cockroaches (D:1)
  3 goblins
  3 hobgoblins
  2 quokkas (D:1)
  6 bats
  5 frilled lizards
  4 kobolds
  4 rats
38 creatures vanquished.

Vanquished Creatures (others)
  188 foxfires
188 creatures vanquished.

Grand Total: 226 creatures vanquished

Notes
Turn   | Place    | Note
-------+----------+-------------------------------------------
     0 | D:1      | kae the Demigod Fire Elementalist began the quest for the
                  | Orb.
     0 | D:1      | Reached XP level 1. HP: 14/14 MP: 5/5
   119 | D:1      | Reached skill level 1 in Conjurations
   424 | D:1      | Reached XP level 2. HP: 15/20 MP: 4/7
   680 | D:1      | Reached skill level 3 in Fire Magic
  1642 | D:2      | Reached XP level 3. HP: 26/26 MP: 5/9
  1950 | D:2      | You fall into a shaft and drop 1 floor!
  2199 | D:3      | Killed from afar by an orc wizard

Illustrated notes

Levels and vault maps discovered:
D:1:      lemuel_arrival_funnel, layout_basic,
          hellmonk_ecumenical_altar_defaced_shrine
D:2:      layout_basic
D:3:      layout_basic, serial_shops, nicolae_diamond_shop, serial_glass,
          glass_columns_b, glass_columns_a, minmay_strange_pillars,
          moated_statue

Skill      XL: |  1  2  3 |
---------------+----------+-----
Conjurations   | 1 2 |  2.0
Spellcasting   | 2 |  2.4
Fire Magic     | 3 |  3.2
Dodging        | |  1.7
Stealth        | |  1.7

Action                   || total
-------------------------++-------
Melee: Unarmed           ||     1
 Cast: Foxfire           ||   109
  Use: Scroll            ||     4
       Potion            ||     1
Armor: Robe              ||    19
Dodge: Dodged            ||    28

Table legend: (Time is in decaauts)
 A = Elapsed time spent in this place.
 B = Non-inter-level travel time spent in this place.
 C = Inter-level travel time spent in this place.
 D = Time resting spent in this place.
 E = Time spent auto-exploring this place.
 F = Levels seen in this place.
 G = Mean time per level.
                   A        B        C        D        E       F      G
               +--------+--------+--------+--------+--------+-----+--------+
         Total |   2198 |   2166 |     32 |     19 |   1816 |   3 |  732.7 |
       Dungeon |   2198 |   2166 |     32 |     19 |   1816 |   3 |  732.7 |
               +--------+--------+--------+--------+--------+-----+--------+

Top non-repeatable levels by time:
     D:1: 1247 daAuts
     D:2: 702 daAuts
     D:3: 248 daAuts
